 Dungeon Crawl Stone Soup version 0.22.1-1-ga44c0e56f4 (webtiles) character file.

31 Gargoyl the Skirmisher (level 3, -1/31 HPs)
             Began as a Centaur Abyssal Knight on Oct 20, 2018.
             Was a Follower of Lugonu.
             Slain by an adder (3 damage)
             ... on level 2 of the Dungeon.
             The game lasted 00:02:07 (1186 turns).

Gargoyl the Skirmisher (Centaur Abyssal Knight)     Turns: 1186, Time: 00:02:07

Health: -1/31      AC:  4    Str: 14    XL:     3   Next: 7%
Magic:  4/4        EV:  9    Int: 11    God:    Lugonu [*.....]
Gold:   69         SH:  0    Dex: 11    Spells: 2/2 levels left

rFire    . . .     SeeInvis .   a - +1 hand axe
rCold    + . .     Gourm    .   (no shield)
rNeg     . . .     Faith    .   b - +0 leather armour
rPois    .         Spirit   .   (no helmet)
rElec    .         Reflect  .   (no cloak)
rCorr    .         Harm     .   (no gloves)
MR       .....                  (no barding)
Stlth    +.........             (no amulet)
HPRegen  0.10/turn              d - +2 ring of dexterity
MPRegen  0.09/turn              h - ring of protection from cold

@: lethally poisoned (-1 -> -5), very quick
A: large, hooves 3, deformed body, speed 2, tough skin 3
a: Depart the Abyss, Renounce Religion


You were on level 2 of the Dungeon.
You worshipped Lugonu.
Lugonu was aware of your devotion.
You were not hungry.

You visited 1 branch of the dungeon, and saw 2 of its levels.
You visited the Abyss 1 time.

You collected 69 gold pieces.

Inventory:

Hand Weapons
 a - a +1 hand axe (weapon)
Armour
 b - a +0 leather armour (worn)
 j - a +0 plate armour
Jewellery
 d - a +2 ring of dexterity (left hand)
 h - a ring of protection from cold (right hand)
Scrolls
 i - 2 scrolls of remove curse
Potions
 e - a potion of agility {unknown}
 f - 2 potions of berserk rage {unknown}
 g - a potion of mutation {unknown}
Comestibles
 c - a ration


   Skills:
 + Level 3.4 Fighting
 + Level 2.3 Axes
 * Level 1.6 Armour
 + Level 0.6 Dodging
 * Level 2.3 Invocations


You had 2 spell levels left.
You didn't know any spells.
Your spell library was empty.

Dungeon Overview and Level Annotations

Branches:
Dungeon (2/15)

Altars:


Innate Abilities, Weirdness & Mutations

You have hooves in place of feet.
Armour fits poorly on your strangely shaped body.
You cover ground very quickly.
You have extremely tough skin. (AC +3)


Message History

The adder closely misses you.
Unknown command.
You barely miss the adder. You kick the adder, but do no damage.
The adder is moderately wounded.
You feel sick. The adder bites you.
* * * LOW HITPOINT WARNING * * *
You closely miss the adder. Your kick misses the adder.
The adder is moderately wounded.
The adder bites you.
* * * LOW HITPOINT WARNING * * *
You are lethally poisoned!
The adder poisons you! The adder barely misses you.
You closely miss the adder. Your kick misses the adder.
The adder is moderately wounded.
The adder barely misses you. The adder bites you but does no damage.
You closely miss the adder. Your kick misses the adder.
The adder is moderately wounded.
* * * LOW HITPOINT WARNING * * *
You feel sick. The adder bites you.
You die...

#######.# #.<...(.#
#.####### #.# #.#
#.# #
#.############g##.##
#.#.........@Sg....#
#...........##.....#
###.#######.# ....#
#(# #.# .... #.# #.#
... #.. #.# .. ###
#.# . ..#


You could see an adder and 2 goblins.

Vanquished Creatures
  2 oozes
  A giant cockroach (D:1)
  2 goblins (D:1)
  3 hobgoblins
  3 jackals (D:2)
  A bat (D:1)
  4 frilled lizards
  5 kobolds (D:1)
  A rat (D:1)
22 creatures vanquished.

Vanquished Creatures (others)
  2 starspawn tentacles (Abyss:1)
2 creatures vanquished.

Grand Total: 24 creatures vanquished

Notes
Turn   | Place    | Note
-------+----------+-------------------------------------------
     0 | Abyss:1  | Gargoyl the Centaur Abyssal Knight began the quest for the
                  | Orb.
     0 | Abyss:1  | Reached XP level 1. HP: 19/19 MP: 2/2
    69 | Abyss:1  | Noticed a tentacled starspawn
   123 | Abyss:1  | Noticed a soul eater
   125 | D:1      | Escaped the Abyss
   635 | D:1      | Reached XP level 2. HP: 19/26 MP: 3/3
  1144 | D:2      | Reached * piety under Lugonu
  1172 | D:2      | Reached XP level 3. HP: 27/31 MP: 4/4
  1186 | D:2      | Slain by an adder

Skill      XL: |  1 |
---------------+----+-----
Axes           | 2 |  2.3
Fighting       | |  3.4
Armour         | |  1.6
Dodging        | |  0.6
Invocations    | |  2.3

Action                   || total
-------------------------++-------
Melee: Hand axe          ||    57
       Kick              ||    13
Invok: Depart the Abyss  ||     1
  Use: Scroll            ||     1
Armor: Leather armour    ||    19
Dodge: Dodged            ||    33
